 Dungeon Crawl Stone Soup version 0.29-a0-334-gb41bcbb86e (webtiles) character file.

Game seed: 3508855557211623845

6517 zishaf the Fighter (level 11, 0/123 HPs)
             Began as an Ogre Ice Elementalist on Apr 13, 2022.
             Was a Priest of Dithmenos.
             Slain by a howler monkey (1 damage)
             ... on level 9 of the Dungeon.
             The game lasted 00:17:05 (9496 turns).

zishaf the Fighter (Ogre Ice Elementalist)          Turns: 9496, Time: 00:17:06

Health: 0/123      AC: 17    Str: 24    XL:     11   Next: 0%
Magic:  10/18      EV:  9    Int: 16    God:    Dithmenos [***...]
Gold:   499        SH:  0    Dex:  9    Spells: 7/20 levels left

rFire   . . .      SeeInvis .   b - +1 whip (elec)
rCold   . . .      Faith    .   (no shield)
rNeg    + . .      Spirit   .   e - +0 steam dragon scales
rPois   .          Reflect  .   g - +2 hat
rElec   .          Harm     .   j - +1 cloak
rCorr   .          Rampage  .   (gloves unavailable)
Will    +....                   (boots unavailable)
Stlth   ++........              (no amulet)
HPRegen 0.30/turn               r - +6 ring of strength
MPRegen 0.16/turn               d - ring of positive energy

@: ice-armoured, hasted, wreathed by umbra, very quick
A: large, unfitting armour, tough skin 1
a: Renounce Religion, Shadow Step


You were on level 9 of the Dungeon.
You worshipped Dithmenos.
Dithmenos was most pleased with you.
You visited 2 branches of the dungeon, and saw 10 of its levels.

You collected 499 gold pieces.

Inventory:

Hand Weapons
 a - the +6 spear of Tainas {vorpal, *Slow rPois Dex+5 SInv}
   (You found it on level 2 of the Dungeon)

   It inflicts extra damage upon your enemies.
   Dex:       It affects your dexterity (+5).
   rPois:     It protects you from poison.
   SInv:      It lets you see invisible.
   *Slow:     It may slow you when you take damage.
 b - a +1 whip of electrocution (weapon)
 B - a +0 giant club
Missiles
 x - a throwing net
Armour
 e - +0 steam dragon scales (worn)
 g - a +2 hat (worn)
 i - a +0 robe
 j - a +1 cloak (worn)
Jewellery
 d - a ring of positive energy (right hand)
 o - a ring of positive energy
 r - a +6 ring of strength (left hand)
 u - a ring of resist corrosion
Wands
 w - a wand of iceblast (10)
 C - a wand of flame (58)
 E - a wand of acid (8)
Scrolls
 f - a scroll of teleportation
 h - a scroll of vulnerability
 k - a scroll of enchant weapon
 l - a scroll of fog
 q - a scroll of identify
 y - a scroll of magic mapping
 z - a scroll of immolation
 A - a scroll of enchant armour
 D - 2 scrolls of fear
Potions
 c - 4 potions of curing
 m - a potion of mutation
 n - 2 potions of flight
 s - a potion of haste
 t - a potion of brilliance
 v - 2 potions of attraction
 F - a potion of magic


   Skills:
 - Level 12.1 Fighting
 + Level 3.1 Maces & Flails
 - Level 1.7 Dodging
 - Level 1.4 Stealth
 - Level 5.0 Spellcasting
 + Level 6.0 Transmutations
 - Level 8.0 Ice Magic
 + Level 6.0 Earth Magic


You had 7 spell levels left.
You knew the following spells:

 Your Spells              Type           Power      Damage    Failure   Level
a - Freeze                Ice            100%       1d11      1%          1
b - Frozen Ramparts       Ice            58%        1d7       1%          3
c - Ozocubu's Armour      Ice            29%        N/A       1%          3
d - Statue Form           Tmut/Erth      15%        N/A       89%         6

Your spell library contained the following spells:

 Spells                   Type           Power      Damage    Failure   Level
 Ice Form                 Ice/Tmut       26%        N/A       9%          4
 Hailstorm                Conj/Ice       16%        3d6       28%         4
 Summon Ice Beast         Ice/Summ       16%        N/A       28%         4
 Lee's Rapid Deconstruct  Erth           11%        3d9*      34%         5
 Call Canine Familiar     Summ           4%         N/A       41%         3
 Portal Projectile        Hex/Tloc       8%         N/A       41%         3
 Leda's Liquefaction      Hex/Erth       6%         N/A       41%         4


Dungeon Overview and Level Annotations

Branches:
Dungeon (9/15)             Temple (1/1) D:4
   Lair: D:8-11         Orc: D:9-12

Altars:
Ashenzari
Cheibriados
Dithmenos
Elyvilon
Fedhas
Gozag
Hepliaklqana
Kikubaaqudgha
Makhleb
Nemelex Xobeh
Okawaru
Qazlal
Ru
Sif Muna
Uskayaw
Vehumet
Wu Jian
Xom
Yredelemnul
Zin
The Shining One

Shops:
D:1 =   D:3 :   D:6 =   D:9 (

Annotations:
D:3 3 runed translucent doors, Antichthon's ghost, amateur NaWr


Innate Abilities, Weirdness & Mutations

You are too large for most types of armour.
You have tough skin. (AC +1)


Message History

Dithmenos accepts your kill.
The howler monkey hits you but does no damage.
You hit something but do no damage.
You feel sick.
You are no longer poisoned.
The wall freezes something.
Something hits you.
* * * LOW HITPOINT WARNING * * *
Something bites you.
* * * LOW HITPOINT WARNING * * *
The howler monkey barely misses you.
You feel much better.
The wall freezes something.
Something hits you but does no damage. Something bites you.
* * * LOW HITPOINT WARNING * * *
Something draws strength from your injuries!
The howler monkey hits you.
* * * LOW HITPOINT WARNING * * *
You hit something. You closely miss something.
The frozen ramparts melt away.
The howler monkey closely misses you. Something draws life force from you!
* * * LOW HITPOINT WARNING * * *
Unknown command.
You hit something but do no damage. The howler monkey closely misses you.
You feel better. Something hits you but does no damage. Something bites you.
* * * LOW HITPOINT WARNING * * *
Something draws strength from your injuries!
The howler monkey closely misses you.
Okay, then.
You closely miss something. Something hits you.
* * * LOW HITPOINT WARNING * * *
Something bites you but does no damage.
Unknown command.
You hit something but do no damage.
The howler monkey hoots and howls with incredible vigour!
You hear a shout!
You barely miss something. Something hits you but does no damage.
Something bites you but does no damage.
The howler monkey hits you but does no damage.
You miss something. Something hits you!
* * * LOW HITPOINT WARNING * * *
Something bites you but does no damage. The howler monkey hits you.
You die...

....>...........
................
...............y
................
...............
.?.8...<...#
...........#
...(.∩...h†#
........W{@#
...>...8####
#.y....y.
......###
#y....#y #
#..... #......
.# ######
#.....##.
#....... #.....#
#....y# #.yyy.#


You could see a wraith and a howler monkey (catching breath).

Vanquished Creatures
  A two-headed ogre (D:8)
  Pikel (D:7)
  A manticore (D:6)
  Maggie (D:7)
  3 yaks (D:7)
  A steam dragon (D:8)
  Duvessa (D:7)
  3 water moccasins
  2 black bears
  2 orc warriors
  3 sky beasts (D:6)
  3 ice beasts
  An ogre (D:7)
  A centaur (D:8)
  3 phantoms
  2 bullfrogs
  3 scorpions
  2 gnoll sergeants
  2 necrophages (D:4)
  4 wights (D:8)
  Dowan (D:7)
  11 killer bees
  6 howler monkeys
  3 jellies
  3 hounds
  6 orc priests
  Crazy Yiuf (D:4)
  3 gnoll shamans
  3 iguanas
  6 orc wizards
  12 gnolls
  4 adders
  A shadow imp (D:7)
  A white imp (D:7)
  2 ufetubi
  A worm (D:2)
  A dart slug (D:2)
  35 orcs
  9 ball pythons
  5 endoplasms
  3 giant cockroaches
  7 goblins
  A hobgoblin (D:1)
  4 jackals (D:2)
  6 kobolds
  6 quokkas
  2 bats
  2 rats
185 creatures vanquished.

Vanquished Creatures (others)
  2 fungi (D:4)
2 creatures vanquished.

Grand Total: 187 creatures vanquished

Notes
Turn   | Place    | Note
-------+----------+-------------------------------------------
     0 | D:1      | zishaf the Ogre Ice Elementalist began the quest for the
                  | Orb.
     0 | D:1      | Reached XP level 1. HP: 16/16 MP: 3/3
   318 | D:1      | Found a faded altar of an unknown god.
   565 | D:1      | Reached skill level 1 in Fighting
   684 | D:1      | Found Ostost's Jewellery Emporium.
  1018 | D:2      | Reached XP level 2. HP: 20/27 MP: 1/5
  1222 | D:2      | Identified the +6 spear of Tainas {vorpal, *Slow rPois
                  | Dex+5 SInv}
  1280 | D:2      | Reached XP level 3. HP: 26/35 MP: 5/7
  1293 | D:2      | Reached skill level 2 in Fighting
  1775 | D:3      | Found Jypluow's Book Shoppe.
  1831 | D:3      | Found a runed translucent gate.
  1831 | D:3      | Found a runed translucent gate.
  1831 | D:3      | Found a runed translucent gate.
  1832 | D:3      | Noticed Antichthon's ghost (amateur NaWr)
  2271 | D:3      | Reached XP level 4. HP: 44/44 MP: 8/8
  2286 | D:3      | Learned a level 3 spell: Frozen Ramparts
  2290 | D:3      | Learned a level 3 spell: Ozocubu's Armour
  2594 | D:4      | Reached skill level 3 in Fighting
  2741 | D:4      | Noticed a scorpion
  2748 | D:4      | Killed a scorpion
  2749 | D:4      | Reached skill level 4 in Fighting
  2749 | D:4      | Reached XP level 5. HP: 50/54 MP: 3/9
  2749 | D:4      | Found a staircase to the Ecumenical Temple.
  2758 | Temple   | Entered the Ecumenical Temple
  2890 | Temple   | Became a worshipper of Dithmenos the Shadowed
  3240 | D:4      | Reached skill level 5 in Ice Magic
  3530 | D:4      | Reached skill level 5 in Fighting
  3530 | D:4      | Reached XP level 6. HP: 60/66 MP: 10/10
  3765 | D:4      | Found a runed translucent door.
  3766 | D:4      | Noticed Crazy Yiuf
  3774 | D:4      | Killed Crazy Yiuf
  3916 | D:5      | Entered Level 5 of the Dungeon
  3935 | D:5      | Reached skill level 6 in Fighting
  3935 | D:5      | Reached XP level 7. HP: 36/75 MP: 5/11
  4046 | D:5      | Reached skill level 7 in Fighting
  4384 | D:5      | Reached XP level 8. HP: 64/88 MP: 12/12
  4491 | D:5      | Reached skill level 8 in Fighting
  4960 | D:6      | Reached * piety under Dithmenos
  4961 | D:6      | Reached skill level 9 in Fighting
  4968 | D:6      | Learned a level 6 spell: Statue Form
  5036 | D:6      | Found Hiel's Jewellery Emporium.
  5138 | D:6      | Reached skill level 1 in Transmutations
  5138 | D:6      | Reached skill level 1 in Earth Magic
  5146 | D:6      | Reached XP level 9. HP: 41/100 MP: 4/14
  5605 | D:6      | Noticed a manticore
  5613 | D:6      | Killed a manticore
  5614 | D:6      | Reached skill level 10 in Fighting
  6203 | D:6      | Reached skill level 5 in Spellcasting
  6850 | D:7      | Reached skill level 11 in Fighting
  6850 | D:7      | Reached XP level 10. HP: 104/113 MP: 11/17
  6981 | D:7      | Reached ** piety under Dithmenos
  7133 | D:7      | Noticed Dowan
  7134 | D:7      | Noticed Duvessa
  7143 | D:7      | Killed Duvessa
  7146 | D:7      | Killed Dowan
  7200 | D:7      | Noticed Maggie
  7217 | D:7      | Killed Maggie
  7549 | D:7      | Noticed Pikel
  7560 | D:7      | Killed Pikel
  7561 | D:7      | Reached skill level 5 in Transmutations
  7768 | D:8      | Reached skill level 5 in Earth Magic
  7807 | D:8      | Reached skill level 1 in Maces & Flails
  7938 | D:8      | Noticed a two-headed ogre
  7947 | D:8      | Killed a two-headed ogre
  7948 | D:8      | Reached skill level 12 in Fighting
  8887 | D:8      | Reached *** piety under Dithmenos
  9450 | D:9      | Found Iptaenoong's Weapon Boutique.
  9484 | D:9      | Reached XP level 11. HP: 23/123 MP: 8/18
  9496 | D:9      | HP: 1/123 [something (7)]
  9496 | D:9      | Slain by a howler monkey

Illustrated notes

Levels and vault maps discovered:
D:1:      roderic_crossed_star, layout_loops_corners,
          shapermc_ecumenical_altar_gd, serial_shops, shop,
          kennysheep_pointless_box
D:2:      layout_rooms
D:3:      layout_loops_cross, serial_shops, nicolae_shop_hallway_stairs,
          ebering_ghost_rock_garden
D:4:      layout_loops_corners, temple_statues, uniq_crazy_yiuf_cottage
D:5:      layout_rooms
D:6:      layout_basic, serial_shops, nicolae_square_shop, minmay_diced_spiral
D:7:      layout_loops_cross, hellmonk_bongcloud_opening, minivault_27,
          uniq_maggie, uniq_pikel, uniq_duvessa
D:8:      layout_basic
D:9:      layout_cross, dpeg_oklobed_lair, hiddenorc1_lemuel, serial_shops,
          nicolae_stop_n_shop_1, serial_glass, glass_columns_a, glass_columns_a,
          lightli_wizard_tower
Temple:   dpeg_three_leaves_temple

Skill      XL: |  1  2  3  4  5  6  7  8  9 10 |
---------------+-------------------------------+-----
Fighting       | 1 2 4 5 6 7 9 11 12 | 12.1
Spellcasting   | 3 5 |  5.0
Ice Magic      | 4 5 6 7 8 |  8.0
Transmutations | 1 4 6 |  6.0
Earth Magic    | 1 4 6 |  6.0
Maces & Flails | 3 |  3.1
Dodging        | |  1.7
Stealth        | |  1.4

Action                   |  1- 3 |  4- 6 |  7- 9 | 10-12 || total
-------------------------+-------+-------+-------+-------++-------
Melee: Unarmed           |     6 |       |       |       ||     6
       Punch             |     1 |       |     1 |     3 ||     5
       Spear             |    47 |    50 |   166 |    58 ||   321
       Whip              |       |       |       |   121 ||   121
 Cast: Freeze            |    27 |    14 |    19 |       ||    60
       Frozen Ramparts   |       |     2 |    11 |    15 ||    28
       Ozocubu's Armour  |       |     2 |     5 |     7 ||    14
Evoke: Wand              |       |       |       |     1 ||     1
  Use: Scroll            |       |    14 |     4 |     1 ||    19
       Potion            |       |     1 |       |     3 ||     4
 Stab: Sleeping          |     3 |     5 |     4 |       ||    12
       Distracted        |       |       |     1 |       ||     1
Armor: Robe              |    24 |    26 |    77 |     4 ||   131
       Steam dragon scal |       |       |       |    98 ||    98
Dodge: Dodged            |    32 |    34 |    89 |   110 ||   265

Table legend: (Time is in decaauts)
 A = Elapsed time spent in this place.
 B = Non-inter-level travel time spent in this place.
 C = Inter-level travel time spent in this place.
 D = Time resting spent in this place.
 E = Time spent auto-exploring this place.
 F = Levels seen in this place.
 G = Mean time per level.
                   A        B        C        D        E       F      G
               +--------+--------+--------+--------+--------+-----+--------+
         Total |   9556 |   9253 |    303 |    351 |   7469 |  10 |  955.6 |
       Dungeon |   9418 |   9115 |    303 |    351 |   7398 |   9 | 1046.4 |
        Temple |    138 |    138 |      0 |      0 |     71 |   1 |  138.0 |
               +--------+--------+--------+--------+--------+-----+--------+

Top non-repeatable levels by time:
     D:8: 1704 daAuts
     D:6: 1520 daAuts
     D:7: 1397 daAuts
     D:4: 1276 daAuts
     D:1: 1113 daAuts
     D:5: 960 daAuts
     D:3: 753 daAuts
     D:2: 649 daAuts
  Temple: 138 daAuts
     D:9: 43 daAuts
